 Dungeon Crawl Stone Soup version 0.30-a0-778-g2ef04afb54 (console) character file.

Game seed: 10417921318107414587

28978 Ignak the Fighter (level 13, -1/131 HPs)
             Began as an Ogre Hedge Wizard on Feb 15, 2023.
             Was the Champion of Okawaru.
             Slain by an orc knight
             ... wielding a +2 great mace of protection
              (13 damage)
             ... on level 2 of the Orcish Mines.
             The game lasted 00:46:37 (14343 turns).

Ignak the Fighter (Ogre Hedge Wizard)              Turns: 14343, Time: 00:46:38

Health: -1/131     AC: 22    Str: 25    XL:     13   Next: 42%
Magic:  0/37       EV: 12    Int: 14    God:    Okawaru [******]
Gold:   1228       SH: 18    Dex: 11    Spells: 9/29 levels left

rFire   . . .      SeeInvis .    H - +9 war axe {protect, Dex+4}
rCold   . . .      Faith    .    N - +2 kite shield
rNeg    . . .      Spirit   +    P - +4 moon troll leather armour {Spirit, Regen++ MP+5}
rPois   .          Reflect  +    l - +1 hat
rElec   .          Harm     .    q - +0 cloak
rCorr   .          Rampage  .    (gloves unavailable)
Will    ++...                    (boots unavailable)
Stlth   +++                      I - amulet of reflection
HPRegen 2.01/turn                w - ring of willpower
MPRegen 0.25/turn                h - ring of magical power

@: heroic, under a protective aura, freezing walls
A: large, unfitting armour, tough skin 1, iridescent scales 1, low MP 1, strong
1, evolution 1
a: Renounce Religion, Heroism, Finesse, Duel


You were on level 2 of the Orcish Mines.
You worshipped Okawaru.
Okawaru was exalted by your worship.
You visited 3 branches of the dungeon, and saw 13 of its levels.
You visited the Abyss 1 time.
You also visited: Ossuary.

You collected 1384 gold pieces.
You spent 156 gold pieces at shops.

Inventory:

Hand Weapons
 b - a +0 giant spiked club
 p - the +6 dagger of Moral Flaws {venom, rF++ Will+}
   (You found it on level 9 of the Dungeon)

   rF:        It greatly protects you from fire.
   Will:      It increases your willpower.
 C - a +0 broad axe
 H - the +9 war axe of the Hills (weapon) {protect, Dex+4}
   (You found it on level 6 of the Dungeon)

   Dex:       It affects your dexterity (+4).
 M - a +2 bardiche of venom
Missiles
 c - 10 poisoned darts
 O - 21 large rocks (quivered)
 S - 3 throwing nets
Armour
 l - a +1 hat (worn)
 q - a +0 cloak (worn)
 J - the +3 robe of Clouds {*Thunder rCloud rElec}
   (You found it on level 8 of the Dungeon)

   *Thunder:  It occasionally creates storm clouds above nearby enemies.
   rCloud:    It grants its wearer immunity to clouds.
   rElec:     It insulates you from electricity.
 N - a +2 kite shield (worn)
 P - the +4 moon troll leather armour (worn) {Spirit, Regen++ MP+5}
   (Okawaru gifted it to you on level 10 of the Dungeon)

   MP:        It affects your magic capacity (+5).
   Regen:     It increases your rate of health regeneration.
Jewellery
 a - a ring of ice
 e - a +6 ring of strength
 h - a ring of magical power (right hand)
 r - a ring of magical power
 s - a ring of flight
 w - a ring of willpower (left hand)
 G - a ring of protection from cold
 I - an amulet of reflection (around neck)
 R - the amulet "Megov" {Acrobat Drain *Slow rElec rN+++}
   (You found it on level 10 of the Dungeon)

   [amulet of the acrobat]

   It increases your evasion while moving and waiting.
   rElec:     It insulates you from electricity.
   rN:        It renders you almost immune to negative energy.
   Drain:     It drains your maximum health when unequipped.
   *Slow:     It may slow you when you take damage.
Wands
 d - a wand of flame (57)
 y - a wand of mindburst (15)
 K - a wand of iceblast (4)
 Q - a wand of paralysis (4)
Scrolls
 i - 2 scrolls of identify
 u - 3 scrolls of amnesia
 z - 2 scrolls of vulnerability
 A - 6 scrolls of teleportation
 D - a scroll of silence
 E - a scroll of brand weapon
 L - a scroll of fear
Potions
 f - a potion of brilliance
 g - 2 potions of haste
 j - a potion of mutation
 k - 2 potions of lignification
 m - 2 potions of heal wounds
 n - 2 potions of magic
 o - 6 potions of curing
 v - a potion of berserk rage
 x - 2 potions of flight
 B - a potion of ambrosia
 F - a potion of might
Miscellaneous
 t - a lightning rod (3/4)


   Skills:
 + Level 9.1(14.1) Fighting
 * Level 8.6(14.1) Axes
 - Level 3.8(11.3) Maces & Flails
 - Level 4.0(9.0) Armour
 + Level 6.6(11.6) Dodging
 - Level 1.4(6.4) Stealth
 * Level 6.9(11.9) Shields
 + Level 8.6 Spellcasting
 - Level 6.0 Conjurations
 - Level 0.8 Summonings
 + Level 6.0 Translocations
 - Level 5.0 Ice Magic
 - Level 2.2 Air Magic
 + Level 5.2 Earth Magic
 - Level 2.1 Poison Magic
 + Level 5.9 Invocations


You had 9 spell levels left.
You knew the following spells:

 Your Spells              Type           Power      Damage    Failure   Level
a - Stone Arrow           Conj/Erth      42%        3d9       7%          3
b - Blink                 Tloc           44%        N/A       3%          2
c - Frozen Ramparts       Ice            40%        1d7       9%          3
d - Mephitic Cloud        Conj/Pois/Air  15%        N/A       17%         3
e - Lee's Rapid Deconstr  Erth           10%        3d8*      58%         5
z - Manifold Assault      Tloc           22%        N/A       19%         4

Your spell library contained the following spells:

 Spells                   Type           Power      Damage    Failure   Level
 Magic Dart               Conj           88%        1d7       1%          1
 Cigotuvi's Dreadful Rot  Necr/Pois/Air  20%        N/A       19%         2
 Iskenderun's Mystic Bla  Conj/Tloc      22%        2d6       19%         4
 Slow                     Hex            24%        N/A       22%         1
 Kindle Blastsparks       Fire/Tloc/Air  26%        2d12      22%         3
 Fulminant Prism          Conj/Hex       7%         3d7       54%         4
 Ice Form                 Ice/Tmut       13%        N/A       63%         4
 Storm Form               Tmut/Air       4%         N/A       100%        7
 Lehudib's Crystal Spear  Conj/Erth      10%        10d4      100%        8
 Call Imp                 Summ           Unusable   N/A       N/A         2
 Animate Armour           Summ/Erth      Unusable   N/A       N/A         4
 Summon Ice Beast         Ice/Summ       Unusable   N/A       N/A         4

Dungeon Overview and Level Annotations

Branches:
Dungeon (10/15)            Temple (1/1) D:5            Lair (0/5) D:8
    Orc (2/2) D:10        Ossuary (visited)
    Elf: Orc:2

Altars:
Ashenzari
Cheibriados
Dithmenos
Elyvilon
Fedhas
Gozag
Hepliaklqana
Kikubaaqudgha
Makhleb
Nemelex Xobeh
Okawaru
Qazlal
Ru
Sif Muna
Trog
Uskayaw
Vehumet
Wu Jian
Xom
Yredelemnul
Zin
The Shining One

Shops:
D:2 [   D:6 :   Orc:1 *

Annotations:
D:10 1 runed translucent door


Innate Abilities, Weirdness & Mutations

You are too large for most types of armour.
You have tough skin. (AC +1)
You are partially covered in iridescent scales. (AC +2)
Your magical capacity is low. (-10% MP)
Your muscles are strong. (Str +4, Int/Dex -1)
You have hidden genetic potential.


Message History

The orc knight roars a battlecry!
The orc knight goes into a battle-frenzy!
The orc knight barely misses you.
You barely miss the orc knight.
The orc knight is severely wounded.
You hit the orc knight. You block the orc knight's attack.
The orc knight hits you but does no damage.
You hit the orc knight but do no damage.
The orc knight is severely wounded.
You hit the orc knight.
The orc knight hits you with a +0 great sword!
You block the orc knight's attack.
You hit the orc knight.
The orc knight is severely wounded.
You hit the orc knight but do no damage.
You block the orc knight's attack. x2
You slash the orc knight!
The orc knight is almost dead.
You closely miss the orc knight. You barely miss the orc knight.
The orc knight is almost dead.
You barely miss the orc knight.
The orc knight hits you with a +0 great sword!
The orc knight hits you but does no damage.
Casting: Frozen Ramparts (mildly dangerous; 9% risk of failure)
Confirm with . or Enter, or press ? or * to list all spells.
Casting: Frozen Ramparts (mildly dangerous; 9% risk of failure)
Press: ? - help, Dir - look around, f - activate The walls around you are covered in ice.
The wall freezes the orc knight.
You block the orc knight's attack.
The wall freezes the orc knight but does no damage.
The orc knight hits you with a +2 great mace of protection!!
You hit the orc knight.
The orc knight is almost dead.
You hit the orc knight.
The wall freezes the orc knight.
The orc knight hits you with a +0 great sword!!!
* * * LOW HITPOINT WARNING * * *
The wall freezes the orc knight but does no damage.
The orc knight hits you with a +2 great mace of protection!
You die...

############
........'..#
.......#..'..#
........#..#..#
..#.#...#..#.)#
........#).#..#
..#.#...#@.#..#
........#oo#..#
........#[.#..#
.......o)..#..# ######
############''# .......
#........## ........
##.........## .....#.###
#...........#
....#....####.....#...##


You could see 2 orc knights.

Vanquished Creatures
  A frost giant (D:10)
  An ettin (Orc:2)
  Harold (D:10)
  A hydra (D:10)
  6 two-headed ogres
  2 boulder beetles
  Erica (Orc:1)
  3 centaur warriors
  Nergalle (D:10)
  2 wizards (D:10)
  An ugly thing (D:10)
  An orc sorcerer (Orc:1)
  4 cyclopes
  Joseph (D:8)
  2 gargoyles (D:10)
  4 komodo dragons
  7 trolls
  A meliai (D:10)
  A meliai (shapeshifter) (D:10)
  Prince Ribbit (D:6)
  3 hornets
  A blink frog (shapeshifter) (D:10)
  A slime creature (D:10)
  A centaur simulacrum (D:10)
  A wraith (D:9)
  2 basilisks
  7 yaks
  Eustachio (D:8)
  3 wyverns
  3 steam dragons
  4 vampire mosquitoes (D:10)
  Menkaure (D:6)
  Edmund (D:6)
  A water moccasin (D:8)
  2 acid dragons
  A black bear (Temple)
  3 ice beasts
  10 orc warriors
  A swamp drake (D:8)
  7 ogres
  3 sky beasts
  4 centaurs
  A phantom (D:7)
  4 kobold brigands
  A small abomination (D:10)
  6 bullfrogs
  5 gnoll sergeants
  A necrophage (D:7)
  17 wights
  10 killer bees
  A human zombie (Ossuary)
  2 hounds (D:7)
  11 orc priests
  2 jellies
  A gnoll bouda (D:9)
  13 orc wizards
  6 iguanas
  4 mummies
  Robin (D:3)
  14 gnolls
  10 adders
  2 white imps
  An ufetubus (Abyss:2)
  An adder zombie (Ossuary)
  A worm (D:2)
  A dart slug (D:2)
  38 orcs
  6 bats
  An endoplasm (D:3)
  2 giant cockroaches (D:4)
  19 goblins
  3 hobgoblins
  5 jackals
  5 quokkas
  4 ball pythons
  4 frilled lizards
  6 goblin zombies (Ossuary)
  3 hobgoblin zombies (Ossuary)
  21 kobolds
  A kobold zombie (Ossuary)
  2 quokka zombies (Ossuary)
  4 rats
  3 rat zombies (Ossuary)
346 creatures vanquished.

Vanquished Creatures (collateral kills)
  Sigmund (D:2)
  Crazy Yiuf (D:2)
  Natasha (D:2)
  Terence (D:2)
  An iguana (Temple)
  An orc wizard (D:5)
  A gnoll (D:2)
  2 adders
  A worm (D:2)
  2 orcs (D:5)
  A ball python (D:2)
  An endoplasm (D:2)
  5 goblins
  2 jackals (D:1)
  A kobold (D:2)
  2 quokkas (D:2)
  A goblin zombie (Ossuary)
  A rat (D:3)
26 creatures vanquished.

Vanquished Creatures (others)
  A salamander (shapeshifter) (D:9)
  An orc (D:8)
  A goblin (D:3)
  5 fungi (D:2)
  3 starspawn tentacles (Abyss:2)
11 creatures vanquished.

Grand Total: 383 creatures vanquished

Notes
Turn   | Place    | Note
-------+----------+-------------------------------------------
     0 | D:1      | Ignak the Ogre Hedge Wizard began the quest for the Orb.
     0 | D:1      | Reached XP level 1. HP: 16/16 MP: 5/5
   102 | D:1      | Reached skill level 1 in Conjurations
   102 | D:1      | Reached skill level 1 in Translocations
   252 | D:1      | Reached XP level 2. HP: 26/26 MP: 4/6
   261 | D:1      | Learned a level 2 spell: Blink
   264 | D:1      | Learned a level 2 spell: Call Imp
   303 | D:1      | Reached skill level 1 in Fighting
  1084 | D:2      | Reached XP level 3. HP: 33/33 MP: 8/8
  1088 | D:2      | Learned a level 3 spell: Mephitic Cloud
  1106 | D:2      | Found Defol's Antique Armour Shop.
  1205 | D:2      | Noticed Sigmund
  1240 | D:2      | Killed Sigmund
  1241 | D:2      | Reached skill level 2 in Fighting
  1241 | D:2      | Reached skill level 1 in Maces & Flails
  1241 | D:2      | Reached skill level 1 in Armour
  1241 | D:2      | Reached skill level 1 in Air Magic
  1241 | D:2      | Reached skill level 1 in Poison Magic
  1241 | D:2      | Reached XP level 4. HP: 32/42 MP: 8/10
  1241 | D:2      | Reached XP level 5. HP: 37/49 MP: 8/11
  1367 | D:2      | Noticed Natasha
  1370 | D:2      | Noticed Terence
  1388 | D:2      | Killed Natasha
  1389 | D:2      | Reached XP level 6. HP: 43/57 MP: 3/12
  1815 | D:2      | Killed Terence
  2264 | D:2      | Found a runed translucent door.
  2265 | D:2      | Noticed Crazy Yiuf
  2297 | D:2      | Killed Crazy Yiuf
  2661 | D:3      | Noticed Robin
  2673 | D:3      | Killed Robin
  3262 | D:3      | Found a faded altar of an unknown god.
  3267 | D:3      | You fall into a shaft and drop 2 floors!
  3267 | D:5      | Entered Level 5 of the Dungeon
  3287 | D:5      | Reached XP level 7. HP: 55/66 MP: 13/13
  3378 | D:5      | Found a staircase to the Ecumenical Temple.
  3389 | Temple   | Entered the Ecumenical Temple
  3508 | Temple   | Reached skill level 3 in Fighting
  4141 | D:4      | Found a sand-covered staircase.
  4155 | Ossuary  | Entered an ossuary
  4319 | Ossuary  | Reached XP level 8. HP: 75/75 MP: 15/15
  5044 | D:3      | Learned a level 3 spell: Frozen Ramparts
  5067 | D:3      | Reached skill level 5 in Spellcasting
  5423 | D:5      | Reached skill level 1 in Ice Magic
  5629 | D:5      | Reached skill level 4 in Fighting
  6294 | D:6      | Found Jirur's Vocational Training.
  6318 | D:6      | Identified the +9 war axe of the Hills {protect, Dex+4}
  6382 | D:6      | Noticed Prince Ribbit
  6399 | D:6      | Noticed Edmund
  6401 | D:6      | Killed Prince Ribbit
  6402 | D:6      | Reached skill level 1 in Axes
  6402 | D:6      | Reached XP level 9. HP: 48/85 MP: 17/17
  6411 | D:6      | Killed Edmund
  6631 | D:6      | Found a shimmering blue altar of Sif Muna.
  6632 | D:6      | Found a glowing golden altar of the Shining One.
  6633 | D:6      | Found an iron altar of Okawaru.
  6640 | D:6      | Became a worshipper of Warmaster Okawaru
  6646 | D:6      | Learned a level 3 spell: Stone Arrow
  6708 | D:6      | Reached skill level 5 in Fighting
  7015 | D:6      | Found a snail-covered altar of Cheibriados.
  7024 | D:6      | Found a sacrificial altar of Ru.
  7060 | D:6      | Noticed Menkaure
  7064 | D:6      | Killed Menkaure
  7259 | D:7      | Reached skill level 1 in Earth Magic
  7416 | D:7      | Reached * piety under Okawaru
  8049 | D:7      | Reached XP level 10. HP: 98/98 MP: 19/19
  8395 | D:8      | Reached ** piety under Okawaru
  8406 | D:8      | Reached skill level 1 in Invocations
  8584 | D:8      | Found the +3 robe of Clouds {*Thunder rCloud rElec}
  8747 | D:8      | Reached skill level 6 in Fighting
  9010 | D:8      | Reached *** piety under Okawaru
  9032 | D:8      | Learned a level 4 spell: Manifold Assault
  9154 | D:8      | Found a staircase to the Lair.
  9297 | D:8      | Noticed Eustachio
  9305 | D:8      | Killed Eustachio
  9309 | D:8      | Reached skill level 5 in Axes
  9508 | D:8      | Noticed Joseph
  9523 | D:8      | Killed Joseph
  9523 | D:8      | Reached **** piety under Okawaru
  9524 | D:8      | Reached skill level 1 in Shields
 10013 | D:9      | Paralysed by a hornet for 1 turns
 10030 | D:9      | Reached skill level 5 in Dodging
 10030 | D:9      | Reached XP level 11. HP: 74/107 MP: 20/21
 10506 | D:9      | Identified the +6 dagger of Moral Flaws {venom, rF++ Will+}
 10506 | D:9      | Noticed a salamander
 10524 | D:9      | Reached skill level 7 in Fighting
 10527 | D:9      | Killed a salamander
 10715 | D:9      | Noticed a centaur warrior
 10722 | D:9      | Killed a centaur warrior
 10722 | D:9      | Reached ***** piety under Okawaru
 10965 | D:9      | Noticed a two-headed ogre
 10971 | D:9      | Noticed a cyclops
 10973 | D:9      | Killed a two-headed ogre
 10980 | D:9      | Killed a cyclops
 11304 | D:10     | Entered Level 10 of the Dungeon
 11371 | D:10     | Found a staircase to the Orcish Mines.
 11388 | D:10     | Reached skill level 5 in Ice Magic
 11449 | D:10     | Noticed Nergalle
 11464 | D:10     | Killed Nergalle
 11465 | D:10     | Reached skill level 5 in Conjurations
 11589 | D:10     | Received a gift from Okawaru
 11746 | D:10     | Noticed a two-headed ogre
 11756 | D:10     | Killed a two-headed ogre
 11757 | D:10     | Reached skill level 5 in Translocations
 11757 | D:10     | Reached XP level 12. HP: 116/118 MP: 23/23
 11840 | D:10     | Found a shimmering altar of Xom.
 11842 | D:10     | Found a hazy altar of Hepliaklqana.
 11972 | D:10     | Gained mutation: You have hidden genetic potential. [potion
                  | of mutation]
 11972 | D:10     | Gained mutation: Your magical capacity is low. (-10% MP)
                  | [potion of mutation]
 11972 | D:10     | Gained mutation: You are partially covered in iridescent
                  | scales. (AC +2) [potion of mutation]
 12021 | D:10     | Found a runed translucent door.
 12022 | D:10     | Found a runed translucent door.
 12022 | D:10     | Noticed a frost giant
 12023 | D:10     | Found a runed translucent door.
 12052 | D:10     | Killed a frost giant
 12343 | D:10     | Received a gift from Okawaru
 12352 | D:10     | Reached skill level 5 in Shields
 12365 | D:10     | Reached ****** piety under Okawaru
 12365 | D:10     | Received a gift from Okawaru
 12365 | D:10     | Found the +4 moon troll leather armour {Spirit, Regen++
                  | MP+5}
 12366 | D:10     | Reached skill level 8 in Fighting
 12394 | D:10     | Found a runed translucent door.
 12394 | D:10     | Found a runed translucent door.
 12444 | D:10     | Noticed a centaur warrior
 12444 | D:10     | Noticed an eight-headed hydra
 12444 | D:10     | Noticed a boulder beetle
 12444 | D:10     | Noticed a centaur warrior
 12451 | D:10     | Killed a centaur warrior
 12455 | D:10     | Killed a centaur warrior
 12582 | D:10     | Killed an eight-headed hydra
 12587 | D:10     | Killed a boulder beetle
 12592 | D:10     | Reached skill level 5 in Invocations
 12709 | D:10     | Identified the amulet "Megov" {Acrobat Drain *Slow rElec
                  | rN+++}
 12749 | D:10     | Noticed Harold
 12765 | D:10     | Killed Harold
 12873 | D:10     | Noticed a two-headed ogre
 12916 | Abyss:2  | Cast into level 2 of the Abyss (a wizard)
 12937 | Abyss:2  | Noticed a tentacled starspawn
 12989 | Abyss:2  | Found a corrupted altar of Lugonu.
 12998 | Abyss:2  | Noticed a thrashing horror
 13094 | Abyss:2  | Noticed a deep elf elementalist
 13144 | D:10     | Escaped the Abyss
 13207 | D:10     | Killed a two-headed ogre
 13208 | D:10     | Reached XP level 13. HP: 127/128 MP: 22/22
 13212 | D:10     | Gained mutation: Your muscles are strong. (Str +4, Int/Dex
                  | -1) [hidden potential]
 13331 | Orc:1    | Entered Level 1 of the Orcish Mines
 13350 | Orc:1    | Reached skill level 5 in Earth Magic
 13353 | Orc:1    | Found Cazetupa's General Store.
 13415 | Orc:1    | Bought a scroll of teleportation for 36 gold pieces
 13415 | Orc:1    | Bought a potion of magic for 96 gold pieces
 13415 | Orc:1    | Bought a scroll of identify for 24 gold pieces
 13534 | Orc:1    | Learned a level 5 spell: Lee's Rapid Deconstruction
 13781 | Orc:1    | Noticed Erica
 13820 | Orc:1    | Killed Erica
 13831 | Orc:1    | Reached skill level 9 in Fighting
 14125 | Orc:2    | Entered Level 2 of the Orcish Mines
 14313 | Orc:2    | Noticed an ettin
 14322 | Orc:2    | Killed an ettin
 14322 | Orc:2    | Received a gift from Okawaru
 14343 | Orc:2    | Slain by an orc knight

Illustrated notes

Levels and vault maps discovered:
D:1:      psy_arrival_wood_between_worlds, layout_basic
D:2:      layout_basic, serial_shops,
          nicolae_shop_temple_entry_statues_fountains, st_stairs_9,
          uniq_sigmund, uniq_terence, uniq_natasha, uniq_crazy_yiuf_cottage
D:3:      kennysheep_goblin_castle, layout_loops_ring,
          nicolae_ecumenical_oubliette, uniq_robin
D:4:      layout_cave_pools, gup_ossuary_entry_pyramid
D:5:      layout_basic, minmay_temple_entry_slanted, kb_lookout_dungeons_type
D:6:      layout_loops_cross, mainiacjoe_overflow_swirl,
          chequers_temple_overflow_statue_of_worship, nicolae_shop_vocational,
          uniq_edmund, uniq_prince_ribbit1, uniq_menkaure
D:7:      layout_basic, serial_curves, eino_curves_03, eino_curves_04
D:8:      layout_basic, erik_lair_dragon, sword_in_stone, uniq_joseph
D:9:      layout_basic, minmay_pinched_square
D:10:     minmay_the_grid_triangle_9x9_rhombus_thin
          [minmay_the_grid_triangle_9x9_sprig,
          minmay_the_grid_triangle_9x9_prize_top_heavy,
          minmay_the_grid_triangle_9x9_fully_insulated_deathbox,
          minmay_the_grid_triangle_9x9_tough_junction], layout_basic,
          regret_index_temple_of_mockery, david_orc_2,
          hangedman_abyss_or_decor_stabs, grunt_tough_drop, uniq_nergalle,
          uniq_harold
Temple:   regret_index_temple_waves
Orc:1:    layout_caves, serial_shops, shop, rock_pile, uniq_erica
Orc:2:    st_orc_congregation, layout_caves, hellmonk_guarded_unrand_dark_maul

Skill      XL: |  1  2  3  4  5  6  7  8  9 10 11 12 13 |
---------------+----------------------------------------+-----
Conjurations   | 1 2 3 4 5 6 |  6.0
Translocations | 1 2 3 4 5 6 |  6.0
Fighting       | 1 2 3 4 5 6 7 8 9 |  9.1
Dodging        | 2 3 4 5 6 |  6.6
Maces & Flails | 1 2 3 |  3.8
Armour         | 1 2 3 4 |  4.0
Spellcasting   | 4 5 6 7 8 |  8.6
Air Magic      | 1 2 |  2.2
Poison Magic   | 1 2 |  2.1
Ice Magic      | 2 3 4 5 |  5.0
Axes           | 1 3 5 6 8 |  8.6
Earth Magic    | 1 2 4 5 |  5.2
Invocations    | 2 4 5 |  5.9
Shields        | 1 4 6 |  6.9
Stealth        | |  1.4
Summonings     | |  0.8

Action                     |  1- 3 |  4- 6 |  7- 9 | 10-12 | 13-15 || total
---------------------------+-------+-------+-------+-------+-------++-------
  Melee: Whip              |    25 |    50 |       |       |       ||    75
         Dagger            |    53 |       |       |       |       ||    53
         Quarterstaff      |       |    50 |   168 |       |       ||   218
         Morningstar       |       |    35 |       |       |       ||    35
         Punch             |       |     2 |     3 |     4 |       ||     9
         War axe           |       |       |    95 |   308 |   179 ||   582
  Throw: Dart              |       |       |       |     3 |       ||     3
   Cast: Magic Dart        |    15 |     3 |       |       |       ||    18
         Call Imp          |    12 |    17 |    14 |       |       ||    43
         Mephitic Cloud    |     2 |    10 |    15 |    27 |     7 ||    61
         Blink             |       |     1 |     8 |     1 |     2 ||    12
         Stone Arrow       |       |       |     8 |    14 |       ||    22
         Frozen Ramparts   |       |       |       |    18 |     2 ||    20
 Invoke: Heroism           |       |       |       |     2 |     1 ||     3
  Evoke: Wand              |       |       |    15 |       |       ||    15
         Lightning rod     |       |       |       |     1 |     1 ||     2
    Use: Potion            |     1 |     3 |     5 |     6 |       ||    15
         Scroll            |       |     3 |     8 |     5 |       ||    16
   Stab: Confused          |     1 |     2 |     2 |    14 |       ||    19
         Sleeping          |       |     2 |     3 |     1 |       ||     6
         Held in net/web   |       |       |       |     1 |       ||     1
 Armour: Robe              |    34 |    51 |    79 |    68 |       ||   232
         Steam dragon scal |       |       |    23 |    18 |       ||    41
         Troll leather arm |       |       |       |     7 |    59 ||    66
  Dodge: Dodged            |    39 |    82 |   169 |   137 |    41 ||   468
  Block: Other             |       |       |       |    13 |       ||    13
         Kite shield       |       |       |       |   215 |   139 ||   354
         Reflection        |       |       |       |    14 |     5 ||    19

Table legend: (Time is in decaauts)
 A = Elapsed time spent in this place.
 B = Non-inter-level travel time spent in this place.
 C = Inter-level travel time spent in this place.
 D = Time resting spent in this place.
 E = Time spent auto-exploring this place.
 F = Levels seen in this place.
 G = Mean time per level.
                   A        B        C        D        E       F      G
               +--------+--------+--------+--------+--------+-----+--------+
         Total |  14482 |  14245 |    237 |   2898 |   6594 |  15 |  965.5 |
       Dungeon |  12466 |  12230 |    236 |   2397 |   6063 |  10 | 1246.6 |
        Temple |    396 |    396 |      0 |    166 |     96 |   1 |  396.0 |
  Orcish Mines |   1037 |   1037 |      0 |    111 |    435 |   2 |  518.5 |
         Abyss |    208 |    208 |      0 |     33 |      0 |   1 |  208.0 |
       Ossuary |    373 |    373 |      0 |    191 |      0 |   1 |  373.0 |
               +--------+--------+--------+--------+--------+-----+--------+

Top non-repeatable levels by time:
     D:9: 1668 daAuts
    D:10: 1573 daAuts
     D:8: 1529 daAuts
     D:6: 1286 daAuts
     D:2: 1240 daAuts
     D:3: 1224 daAuts
     D:1: 1191 daAuts
     D:7: 1171 daAuts
     D:5: 829 daAuts
   Orc:1: 813 daAuts
     D:4: 750 daAuts
  Temple: 396 daAuts
 Ossuary: 373 daAuts
   Orc:2: 224 daAuts
 Abyss:2: 208 daAuts
